 Dungeon Crawl Stone Soup version 0.28.0-62-gf88900778d (webtiles) character file.

Game seed: 5813700484094931836

10506 cbfl8 the Cleaver (level 11, -1/86 HPs)
             Began as a Demonspawn Fighter on July 1, 2023.
             Slain by a ten-headed hydra (6 damage)
             ... on level 7 of the Dungeon.
             The game lasted 00:10:21 (11138 turns).

cbfl8 the Cleaver (Demonspawn Fighter)             Turns: 11138, Time: 00:10:21

Health: -1/86      AC: 14    Str: 18    XL:     11   Next: 37%
Magic:  11/11      EV:  8    Int:  9    God:
Gold:   658        SH:  5    Dex: 16    Spells: 10/10 levels left

rFire   x . .      SeeInvis +   a - +2 war axe (spect)
rCold   + . .      Faith    .   c - +0 buckler
rNeg    . . .      Spirit   .   p - +0 chain mail
rPois   .          Reflect  .   F - +1 hat
rElec   .          Harm     .   (no cloak)
rCorr   .          Rampage  .   f - +0 pair of gloves
Will    .....                   (no boots)
Stlth   ..........              (no amulet)
HPRegen 0.24/turn               o - ring of see invisible
MPRegen 0.12/turn               A - ring of ice

@: about to teleport
A: claws 2, rugged brown scales 1, ignite blood 1, powered by death 2
a: no special abilities


You were on level 7 of the Dungeon.
You visited 1 branch of the dungeon, and saw 11 of its levels.
You also visited: Sewer.

You collected 658 gold pieces.

Inventory:

Hand Weapons
 a - a +2 spectral war axe (weapon)
 s - a +0 hand axe of venom
Missiles
 E - 2 throwing nets
Armour
 c - a +0 buckler (worn)
 f - a +0 pair of gloves (worn)
 p - a +0 chain mail (worn)
 F - a +1 hat (worn)
Jewellery
 o - a ring of see invisible (left hand)
 A - a ring of ice (right hand)
Wands
 t - a wand of iceblast (5)
 w - a wand of charming (6)
 y - a wand of flame (13)
Scrolls
 j - 4 scrolls of fog
 m - a scroll of noise
 q - a scroll of blinking
 r - a scroll of holy word
 u - 2 scrolls of magic mapping
 x - a scroll of summoning
 z - 2 scrolls of enchant armour {unknown}
Potions
 b - a potion of mutation {unknown}
 d - 3 potions of might
 e - 5 potions of heal wounds
 h - 6 potions of haste
 i - 2 potions of curing {unknown}
 k - 2 potions of resistance {unknown}
 l - 3 potions of degeneration {unknown}
 n - a potion of flight {unknown}
 v - a potion of attraction {unknown}
 B - a potion of lignification {unknown}
 C - a potion of cancellation {unknown}


   Skills:
 + Level 7.1 Fighting
 + Level 10.0 Axes
 + Level 7.9 Armour
 + Level 2.2 Dodging
 + Level 2.2 Stealth
 + Level 4.8 Shields
 * Level 8.5 Evocations


You had 10 spell levels left.
You didn't know any spells.
Your spell library contained the following spells:

 Spells                   Type           Power      Damage    Failure   Level
 Freeze                   Ice            0%         1d3       99%         1
 Magic Dart               Conj           0%         1d3       99%         1
 Call Imp                 Summ           0%         N/A       100%        2
 Confusing Touch          Hex            0%         N/A       100%        3
 Frozen Ramparts          Ice            0%         1d2       100%        3
 Mephitic Cloud           Conj/Pois/Air  0%         N/A       100%        3
 Animate Dead             Necr           0%         N/A       100%        4
 Hailstorm                Conj/Ice       0%         3d3       100%        4
 Borgnjor's Vile Clutch   Necr/Erth      0%         N/A       100%        5
 Yara's Violent Unravell  Hex/Tmut       0%         3d3       100%        5
 Death Channel            Necr           0%         N/A       100%        6
 Enfeeble                 Hex            0%         N/A       100%        7
 Malign Gateway           Summ/Tloc      0%         N/A       100%        7
 Summon Horrible Things   Summ           0%         N/A       100%        8


Dungeon Overview and Level Annotations

Branches:
Dungeon (11/15)            Temple (0/1) D:5           Sewer (visited)
   Lair: D:8-11         Orc: D:9-12

Altars:
Ru

Shops:
D:4 [


Innate Abilities, Weirdness & Mutations

You have very sharp fingernails.
You are partially covered in rugged brown scales. (AC +1, +3% HP)
Your demonic aura sometimes causes spilled blood to erupt in flames.
You regenerate health from kills.


Message History

A ten-headed hydra is nearby!
A ten-headed hydra is nearby!
Aiming: Paralyse
Press: ? - help, Q - select action, (/) - cycle Shift-Dir - straight line, f - ten-headed hydra
Aim: a ten-headed hydra (chance to affect: 33%)
The ten-headed hydra easily resists.
The ten-headed hydra bites you but does no damage.
You block the ten-headed hydra's attack.
The ten-headed hydra bites you! The ten-headed hydra bites you.
The ten-headed hydra bites you but does no damage.
The ten-headed hydra bites you.
The ten-headed hydra completely misses you.
The ten-headed hydra bites you but does no damage.
The ten-headed hydra barely misses you. The ten-headed hydra bites you!
Unknown command.
Aiming: Paralyse
Press: ? - help, Q - select action, (/) - cycle Shift-Dir - straight line, f/p - ten-headed hydra
Aim: a ten-headed hydra (chance to affect: 33%)
The ten-headed hydra easily resists.
The now-empty wand crumbles to dust.
The ten-headed hydra barely misses you. The ten-headed hydra misses you.
The ten-headed hydra completely misses you.
You block the ten-headed hydra's attack.
The ten-headed hydra bites you but does no damage. x2
The ten-headed hydra bites you. x2; The ten-headed hydra bites you!
You block the ten-headed hydra's attack.
As you read the scroll of teleportation, it crumbles to dust.
You feel strangely unstable.
The ten-headed hydra is engulfed in blazing flames.
The ten-headed hydra bites you but does no damage. x2
The ten-headed hydra bites you!
The ten-headed hydra bites you but does no damage.
The ten-headed hydra bites you. x2
* * * LOW HITPOINT WARNING * * *
The ten-headed hydra bites you.
* * * LOW HITPOINT WARNING * * *
The ten-headed hydra bites you!
* * * LOW HITPOINT WARNING * * *
The ten-headed hydra bites you but does no damage.
The ten-headed hydra bites you.
You die...

#####'################### ##...
........................# ##...
.............>..........# #....
........................# #....
........................# #....
........................######..#
.......#'###......##'####.......#
.......#...#....Dâ—‹#....#........#
.......#...#....@.#....#....#...#
.......#...#......#....#....#...#
.......#...#......#....#....#...#
.......#'###......#######..##..##
.##+####.####+#.........##'##..#.
.#............#.........#......'.
.#............#.........#......#.
.#............#.........#......#.
.#............#.........#......#.


You could see a ten-headed hydra.

Vanquished Creatures
  Harold (D:9)
  2 two-headed ogres (D:9)
  Pikel (D:4)
  Psyche (D:9)
  Grinder (Sewer)
  A shadow (D:7)
  A wraith (D:11)
  21 yaks
  4 vampire mosquitoes (D:11)
  An acid dragon (D:9)
  A water moccasin (D:6)
  6 orc warriors
  An ice beast (D:7)
  A sky beast (D:5)
  A necrophage (D:5)
  2 black bears
  4 ogres
  2 centaurs
  3 lemures (D:4)
  A phantom (Sewer)
  3 kobold brigands
  2 bullfrogs
  A wyvern zombie (D:8)
  4 scorpions
  6 killer bees
  A wight (Sewer)
  2 centaur zombies
  3 hounds
  6 orc priests
  3 jellies
  3 iguanas
  8 orc wizards
  A hound skeleton (D:4)
  2 howler monkey zombies (D:8)
  8 adders
  A river rat (D:4)
  3 shadow imps
  A white imp (D:6)
  3 ufetubi
  2 worms (D:3)
  5 dart slugs
  44 orcs
  6 bats
  9 endoplasms
  6 giant cockroaches
  8 goblins
  5 hobgoblins
  3 jackals
  7 quokkas
  9 ball pythons
  A frilled lizard (D:1)
  A giant cockroach zombie (Sewer)
  34 kobolds
  7 rats
264 creatures vanquished.

Vanquished Creatures (others)
  3 toadstools (D:2)
3 creatures vanquished.

Grand Total: 267 creatures vanquished

Notes
Turn   | Place    | Note
-------+----------+-------------------------------------------
     0 | D:1      | cbfl8 the Demonspawn Fighter began the quest for the Orb.
     0 | D:1      | Reached XP level 1. HP: 18/18 MP: 1/1
   275 | D:1      | Reached skill level 2 in Axes
   309 | D:1      | Gained mutation: You regenerate a little health from kills.
                  | [demonic ancestry]
   309 | D:1      | Reached XP level 2. HP: 23/24 MP: 2/2
   683 | D:1      | Gained mutation: You regenerate health from kills. [demonic
                  | ancestry]
   683 | D:1      | Reached XP level 3. HP: 29/29 MP: 3/3
  1357 | D:2      | Reached skill level 1 in Evocations
  1901 | D:3      | Reached XP level 4. HP: 27/35 MP: 4/4
  1978 | D:3      | Found a sacrificial altar of Ru.
  2070 | D:3      | Reached skill level 3 in Axes
  2220 | D:3      | Noticed an ogre
  2227 | D:3      | Killed an ogre
  2228 | D:3      | Reached XP level 5. HP: 3/41 MP: 5/5
  2975 | D:3      | Noticed a black bear
  2980 | D:3      | Killed a black bear
  2981 | D:3      | Reached skill level 1 in Dodging
  2981 | D:3      | Gained mutation: Your demonic aura sometimes causes spilled
                  | blood to erupt in flames. [demonic ancestry]
  2981 | D:3      | Reached XP level 6. HP: 48/48 MP: 6/6
  3003 | D:3      | Reached skill level 4 in Axes
  3055 | D:4      | Noticed Pikel
  3061 | D:4      | Killed Pikel
  3062 | D:4      | Reached skill level 5 in Axes
  3062 | D:4      | Gained mutation: You have sharp fingernails. [demonic
                  | ancestry]
  3062 | D:4      | Reached XP level 7. HP: 49/54 MP: 7/7
  3107 | D:4      | Found a glowing drain.
  3122 | Sewer    | Entered a sewer
  3263 | Sewer    | Found an ancient bone altar of Kikubaaqudgha.
  3373 | Sewer    | Noticed Grinder
  3377 | Sewer    | Killed Grinder
  3378 | Sewer    | Reached skill level 6 in Axes
  3378 | Sewer    | Reached XP level 8. HP: 51/61 MP: 8/8
  3536 | D:4      | Found Goomeoc's Antique Armour Boutique.
  3915 | D:5      | Entered Level 5 of the Dungeon
  4250 | D:5      | Reached skill level 5 in Fighting
  4378 | D:5      | Reached skill level 7 in Axes
  4381 | D:5      | Found a staircase to the Ecumenical Temple.
  5006 | D:6      | Reached skill level 5 in Evocations
  5087 | D:6      | Gained mutation: You are partially covered in rugged brown
                  | scales. (AC +1, +3% HP) [demonic ancestry]
  5087 | D:6      | Reached XP level 9. HP: 57/70 MP: 9/9
  5283 | D:6      | Reached skill level 5 in Armour
  5298 | D:6      | Reached skill level 8 in Axes
  6399 | D:7      | Noticed a six-headed hydra
  7028 | D:8      | HP: 2/71 [poisoned by a killer bee]
  7284 | D:7      | Reached XP level 10. HP: 70/78 MP: 10/10
  8030 | D:9      | Noticed a two-headed ogre
  8031 | D:9      | Reached skill level 9 in Axes
  8037 | D:9      | Killed a two-headed ogre
  8038 | D:9      | Reached skill level 1 in Stealth
  8455 | D:9      | Noticed Harold
  8855 | D:9      | You fall into a shaft and drop 2 floors!
  9170 | D:10     | Entered Level 10 of the Dungeon
  9220 | D:10     | Gained mutation: You have very sharp fingernails. [demonic
                  | ancestry]
  9220 | D:10     | Reached XP level 11. HP: 75/85 MP: 11/11
  9523 | D:9      | Killed Harold
  9545 | D:9      | Noticed a two-headed ogre
  9550 | D:9      | Killed a two-headed ogre
 10072 | D:9      | Reached skill level 10 in Axes
 10611 | D:9      | Noticed Psyche
 10618 | D:9      | Killed Psyche
 11138 | D:7      | Slain by a ten-headed hydra

Illustrated notes

Levels and vault maps discovered:
D:1:      matt_arrival_diagonals, layout_basic, palyth_stone_intersect,
          grunt_decor_junction, minmay_tromino_v4_a
D:2:      layout_loops_ring, minmay_gold_behind_fungi
D:3:      kb_forest_paths, layout_rooms, mainiacjoe_overflow_tiny_flanked,
          minivault_19
D:4:      layout_rooms, serial_shops, shop, portal_sewer_entry_b, uniq_pikel
D:5:      layout_basic, minmay_temple_entry_crystal_x
D:6:      layout_loops_cross, nicolae_elevator_lobby_plus
D:7:      layout_gridville
D:8:      layout_rooms
D:9:      layout_gridville, uniq_psyche, uniq_harold
D:10:     layout_rooms, zombieorc2_lemuel, ebering_ghost_inner_flame,
          serial_shops, shop
D:11:     dragon1_lemuel, layout_long_grid, erik_lair_orcish_takeover,
          uniq_sonja

Skill      XL: |  1  2  3  4  5  6  7  8  9 10 11 |
---------------+----------------------------------+-----
Axes           | 2 3 5 6 7 8 9 10 | 10.0
Armour         | 3 4 6 7 |  7.9
Evocations     | 1 2 3 4 5 6 8 |  8.5
Dodging        | 1 2 |  2.2
Fighting       | 4 5 6 7 |  7.1
Shields        | 3 4 |  4.8
Stealth        | 1 2 |  2.2

Action                   |  1- 3 |  4- 6 |  7- 9 | 10-12 || total
-------------------------+-------+-------+-------+-------++-------
Melee: War axe           |   120 |    52 |   172 |   157 ||   501
       Hand axe          |       |       |    10 |       ||    10
Evoke: Wand              |       |       |       |     3 ||     3
  Use: Scroll            |     4 |     3 |     6 |     5 ||    18
       Potion            |       |       |     2 |       ||     2
 Stab: Distracted        |       |       |       |     1 ||     1
       Paralysed         |       |       |       |     4 ||     4
Armor: Scale mail        |    70 |       |       |       ||    70
       Chain mail        |     1 |    32 |    89 |    81 ||   203
Dodge: Dodged            |    59 |     8 |    73 |    66 ||   206
Block: Buckler           |    24 |    15 |    51 |    51 ||   141
